 Dungeon Crawl Stone Soup version 0.31.0-32-g396128a36d (webtiles) character file.

Game seed: 9884769844241307320

573750 Nogual the Merry Gargoyle (level 26, -6/156 HPs)
             Began as a Gargoyle Hunter on Apr 5, 2024.
             Was the Champion of Hepliaklqana.
             Killed from afar by an orb of fire (33 damage)
             ... with a fireball
             ... on level 5 of the Realm of Zot on Apr 8, 2024.
             The game lasted 04:02:17 (65553 turns).

Nogual the Merry Gargoyle (Gargoyle Hunter)        Turns: 65553, Time: 04:02:17

Health: -6/156     AC: 56    Str: 18    XL:     26   Next: 43%
Magic:  2/33       EV: 30    Int: 14    God:    Hepliaklqana [******]
Gold:   4925       SH:  0    Dex: 31    Spells: 35/37 levels left

rFire   . . .        u - +9 triple crossbow (freeze)
rCold   . . .        (shield currently unavailable)
rNeg    + + .        G - +4 scale mail "Osutyss" {Dex+7 Stlth+}
rPois   ∞            t - +2 helmet {Int+3}
rElec   +            n - scarf {repulsion}
rCorr   .            J - +2 pair of gloves {Dex+3}
SInv    +            z - +2 pair of boots of Guzad {Will+}
Will    +++++        k - amulet of the Four Winds {rN+ Will+++ Clar}
Stlth   ++           I - ring of see invisible
HPRegen 0.46/turn    O - ring of the Tortoise {AC+8}
MPRegen 0.23/turn

%: repel missiles, clarity
@: about to teleport, marked, flying, studying Shapeshifting
A: reduced essence, sickness immunity, AC +20, big wings, negative energy
resistance 1, electricity resistance, torment resistance 1, petrification
resistance, berserk 1, mutation resistance 1
}: 4/15 runes: decaying, slimy, silver, gossamer
a: Renounce Religion, Recall Ancestor, Ancestor Identity, Transference, Idealise


You were on level 5 of the Realm of Zot.
You worshipped Hepliaklqana.
Hepliaklqana was exalted by your worship.
You visited 11 branches of the dungeon, and saw 52 of its levels.
You visited 1 bazaar.
You also visited: Gauntlet and Ice Cave.

You collected 9956 gold pieces.
You spent 5031 gold pieces at shops.

Inventory:

Hand Weapons
 u - a +9 triple crossbow of freezing (weapon)
Armour
 n - a scarf of repulsion (worn)
 t - a +2 helmet of intelligence (worn)
 z - the +2 pair of boots of Guzad (worn) {Will+}
   (You found it in a Gauntlet)

   Will+:     It increases your willpower.
 G - the +4 scale mail "Osutyss" (worn) {Dex+7 Stlth+}
   (You bought it in a shop on level 2 of the Orcish Mines)

   Dex+7:     It affects your dexterity (+7).
   Stlth+:    It makes you more stealthy.
 J - a +2 pair of gloves of dexterity (worn)
Jewellery
 d - the ring of the Robin {+Blink Slay+4 Stlth+}
   (You bought it in a shop in a bazaar)

   [ring of slaying]

   Slay+4:    It affects your accuracy & damage with ranged weapons and melee
   (+4).
   +Blink:    It lets you blink.
   Stlth+:    It makes you more stealthy.
 f - an amulet of regeneration
 g - a ring of protection from cold
 j - a +4 ring of protection
 k - the amulet of the Four Winds (around neck) {rN+ Will+++ Clar}
   (You found it on level 12 of the Dungeon)

   [amulet of nothing]

   rN+:       It protects you from negative energy.
   Will+++:   It greatly increases your willpower.
   Clar:      It protects you from confusion, rage, mesmerisation and fear.
 q - a +6 ring of dexterity
 C - a ring of ice
 I - a ring of see invisible (left hand)
 O - the ring of the Tortoise (right hand) {AC+8}
   (You bought it in a shop on level 5 of the Vaults)

   [ring of protection]

   AC+8:      It affects your AC (+8).
Wands
 m - a wand of paralysis (40)
 o - a wand of iceblast (33)
 p - a wand of flame (112)
 x - a wand of quicksilver (8)
 A - a wand of polymorph (47)
 P - a wand of digging (6)
 V - a wand of mindburst (39)
Scrolls
 a - a scroll of enchant armour
 b - a scroll of butterflies
 c - a scroll of summoning
 e - 4 scrolls of revelation
 h - 4 scrolls of blinking
 i - a scroll of brand weapon
 s - 7 scrolls of fear
 y - 3 scrolls of silence
 H - 9 scrolls of fog
 M - 9 scrolls of teleportation
 R - a scroll of immolation
 T - 2 scrolls of enchant weapon
Potions
 l - 4 potions of resistance
 v - 14 potions of curing
 w - 9 potions of lignification
 D - a potion of magic
 F - 6 potions of brilliance
 K - 4 potions of heal wounds
 L - 4 potions of cancellation
 N - 5 potions of enlightenment
 S - 2 potions of mutation
 U - 5 potions of haste
 W - 5 potions of might
 X - 5 potions of ambrosia
 Z - 4 potions of invisibility
Miscellaneous
 r - a sack of spiders
 B - a condenser vane
 E - a lightning rod (4/4)
 Q - a phantom mirror
 Y - a phial of floods


   Skills:
 - Level 20.0 Fighting
 O Level 27 Ranged Weapons
 + Level 22.6 Armour
 - Level 20.0 Dodging
 - Level 1.1 Stealth
 - Level 6.0 Spellcasting
 - Level 4.0 Translocations
 - Level 14.0 Invocations
 - Level 6.0 Evocations


You had 35 spell levels left.
You knew the following spells:

 Your Spells              Type           Power      Damage    Failure   Level
a - Blink                 Tloc           30%        N/A       9%          2

Your spell library contained the following spells:

 Spells                   Type           Power      Damage    Failure   Level
 Apportation              Tloc           30%        N/A       5%          1
 Lesser Beckoning         Tloc           30%        N/A       9%          2
 Gell's Gravitas          Tloc           15%        N/A       16%         3
 Teleport Other           Tloc           15%        N/A       16%         3
 Momentum Strike          Conj/Tloc      18%        3d8       19%         2
 Freeze                   Ice            16%        1d4       28%         1
 Magic Dart               Conj           16%        1d3       28%         1
 Necrotise                Necr           16%        1d4       28%         1
 Sandblast                Erth           8%         2d5       28%         1
 Shock                    Conj/Air       16%        1d4       28%         1
 Sting                    Conj/Alch      16%        1d4       28%         1
 Summon Small Mammal      Summ           16%        N/A       28%         1
 Volatile Blastmotes      Fire/Tloc      18%        2d11      36%         3
 Call Imp                 Summ           8%         N/A       38%         2
 Jinxbite                 Hex            8%         N/A       38%         2
 Mercury Vapours          Alch/Air       8%         N/A       38%         2
 Searing Ray              Conj           8%         2d4       38%         2
 Static Discharge         Conj/Air       8%         3-4/arc   38%         2
 Passage of Golubria      Tloc           15%        N/A       47%         4
 Call Canine Familiar     Summ           4%         N/A       63%         3
 Frozen Ramparts          Ice            8%         1d2       63%         3
 Hailstorm                Conj/Ice       4%         3d5       63%         3
 Ozocubu's Armour         Ice            4%         N/A       63%         3
 Passwall                 Erth           4%         N/A       63%         3
 Stone Arrow              Conj/Erth      8%         3d7       63%         3
 Swiftness                Air            4%         N/A       63%         3
 Vampiric Draining        Necr           4%         2d6       63%         3
 Dimensional Bullseye     Hex/Tloc       4%         N/A       77%         4
 Iskenderun's Mystic Bla  Conj/Tloc      9%         2d4       77%         4
 Airstrike                Air            2%         2d(1-17)  95%         4
 Anguish                  Hex/Necr       2%         N/A       95%         4
 Animate Armour           Summ/Erth      8%         N/A       95%         4
 Brom's Barrelling Bould  Conj/Erth      4%         2d3       95%         4
 Cause Fear               Hex            2%         N/A       95%         4
 Fulminant Prism          Conj/Alch      2%         3d5       95%         4
 Olgreb's Toxic Radiance  Alch           4%         N/A       95%         4
 Summon Blazeheart Golem  Fire/Summ      4%         N/A       95%         4
 Summon Lightning Spire   Summ/Air       4%         N/A       95%         4
 Fireball                 Conj/Fire      2%         3d4       100%        5
 Metabolic Englaciation   Hex/Ice        2%         N/A       100%        5
 Silence                  Hex/Air        2%         N/A       100%        5
 Conjure Ball Lightning   Conj/Air       2%         3x3d6     100%        6
 Sculpt Simulacrum        Ice/Alch       2%         N/A       100%        6
 Summon Cactus Giant      Summ           2%         N/A       100%        6
 Enfeeble                 Hex            2%         N/A       100%        7
 Haunt                    Necr/Summ      2%         N/A       100%        7
 Malign Gateway           Summ/Tloc      4%         N/A       100%        7
 Monstrous Menagerie      Summ           2%         N/A       100%        7
 Ozocubu's Refrigeration  Ice            2%         4d7       100%        7
 Borgnjor's Revivificati  Necr           2%         N/A       100%        8
 Discord                  Hex            2%         N/A       100%        8
 Disjunction              Tloc           7%         N/A       100%        8
 Lehudib's Crystal Spear  Conj/Erth      2%         10d2      100%        8
 Summon Horrible Things   Summ           2%         N/A       100%        8
 Death's Door             Necr           2%         N/A       100%        9
 Dragon's Call            Summ           2%         N/A       100%        9
 Polar Vortex             Ice            2%         N/A       100%        9


Dungeon Overview and Level Annotations

Branches:
Dungeon (15/15)            Temple (1/1) D:4            Lair (5/5) D:8
  Swamp (4/4) Lair:3       Spider (4/4) Lair:3        Slime (5/5) Lair:5
    Orc (2/2) D:12            Elf (2/3) Orc:2        Vaults (5/5) D:13
  Crypt (0/3) Vaults:2     Depths (4/4) D:15            Zot (5/5) Depths:4
  IceCv (visited)         Gauntlet (visited)

Altars:
Ashenzari
Cheibriados
Dithmenos
Elyvilon
Fedhas
Gozag
Hepliaklqana
Kikubaaqudgha
Makhleb
Nemelex Xobeh
Okawaru
Qazlal
Ru
Sif Muna
Trog
Uskayaw
Vehumet
Wu Jian
Xom
Yredelemnul
Zin
The Shining One
Lugonu

Shops:
D:6 (   D:8 (   Orc:2 [(=[   Elf:1 =   Vaults:3 [   Vaults:4 [**   Vaults:5 (=
Depths:1 (   Depths:2 *

Portals:
Hell: Depths:1 Depths:2 Depths:3 Depths:4
Abyss: Lair:5 Depths:1 Depths:2 Depths:3
Pandemonium: Depths:1 Depths:2
Ziggurat: Depths:1

Annotations:
Temple 2 transporters
Orc:1 2 transporters, xight's ghost, journeyman DEFE
Vaults:4 3 runed translucent doors, exclusion: obsidian statue, quaternion's ghost, veteran MiFi
Zot:5 exclusion: orange crystal statue


Innate Abilities, Weirdness & Mutations

Your life essence is reduced to manifest your ancestor. (-10% HP)
You are immune to sickness and miasma.
Your stone body is resilient. (AC +20)
You are immune to poison.
Your large and strong wings let you fly.
You resist negative energy. (rN+)
You are resistant to electric shocks. (rElec)
You are resistant to unholy torment.
You are immune to petrification.
You sometimes lose your temper in combat.
You are somewhat resistant to further mutation.


Message History

The shadow dragon misses you.
The shadow dragon claws you but does no damage.
The shadow dragon closely misses you.
The white draconian stormcaller breathes frost at you.
The blast of cold hits you!!!
* * * LOW HITPOINT WARNING * * *
A white draconian comes into view. It is wielding a +0 halberd.
The Orb Guardian hits you but does no damage.
A Killer Klown comes into view. It is wielding a +9 spectral club.
You feel much better.
An Orb Guardian comes into view.
The yellow draconian disappears!
The yellow draconian reappears nearby!
An Orb Guardian comes into view.
The shadow dragon bites you but does no damage.
The shadow dragon misses you.
The shadow dragon completely misses you.
The white draconian stormcaller mumbles some strange prayers to Qazlal against you.
Qazlal smites you!
* * * LOW HITPOINT WARNING * * *
The Killer Klown grows four more heads, takes them off and juggles!
The Orb Guardian barely misses you.
An Orb Guardian comes into view.
The shadow dragon breathes negative energy at you.
The bolt of negative energy hits the orb of fire.
The orb of fire completely resists.
The bolt of negative energy misses you.
The white draconian stormcaller mumbles some strange prayers to Qazlal against you.
Qazlal smites you!
* * * LOW HITPOINT WARNING * * *
The purple draconian disappears!
An Orb Guardian comes into view.
The Orb Guardian hits you but does no damage. x2
Found 9 stones.
The Orb Guardian disappears!
The yellow draconian spits acid at you. The glob of acid misses you.
The red draconian scorcher disappears!
The Orb Guardian attacks as it pursues you!
The Orb Guardian hits you.
* * * LOW HITPOINT WARNING * * *
The orb of fire glows red.
The fireball explodes!
The fireball engulfs you!!
You die...

...qd...^.....▓
....d..d.:.....▓ .
.....p.......!.▓X.
.(............X.X.
........^q.q.p.▓.
.......X...X...▓
.....d.D*X.X..^▓
.........Xd....▓
.......@..°...▓▓
............▓▓▓
.......^.▓▓▓▓
▓▓▓▓▓▓▓▓▓▓


You could see an orb of fire, 2 Killer Klowns, a shadow dragon (catching
breath), a yellow draconian (catching breath), a red draconian, 2 draconians, a
white draconian stormcaller, 6 Orb Guardians and a red draconian scorcher.

Vanquished Creatures
  the Royal Jelly (Slime:5)
  A dread lich (Zot:5)
  An orb of fire (Zot:3)
  A juggernaut (Depths:3)
  Parghit (Depths:4)
  A shard shrike (IceCv)
  A Killer Klown (Zot:5)
  the Lernaean hydra (Swamp:4)
  Saint Roka (Depths:2)
  3 curse toes
  2 caustic shrikes (Depths:3)
  8 golden dragons
  2 bone dragons (Depths:4)
  Arachne (Spider:2)
  3 electric golems
  A walking crystal tome (Depths:3)
  4 liches
  A Hell Sentinel (Zot:5)
  16 tentacled monstrosities
  8 Orb Guardians (Zot:5)
  2 quicksilver dragons
  A titan (Vaults:5)
  15 acid blobs
  4 death cobs
  A sphinx (Vaults:5)
  2 ancient champions (Vaults:2)
  8 tengu reavers
  Frances (Spider:1)
  4 protean progenitors
  14 storm dragons
  13 azure jellies
  10 rockslimes
  5 shadow dragons
  2 fenstrider witches (Swamp:4)
  4 draconian monks
  5 fire giants
  6 draconian knights
  2 emperor scorpions
  5 frost giants
  10 vault wardens
  2 draconian scorchers (Zot:1)
  9 draconian shifters
  A deep elf sorcerer (Vaults:5)
  A balrug (Depths:2)
  4 iron dragons
  3 draconian stormcallers
  An orc warlord (Orc:2)
  4 ghost moths (Spider:4)
  3 broodmothers (Spider:4)
  A spriggan defender (D:15)
  9 ironbound preservers
  7 ironbound thunderhulks
  15 quicksilver oozes
  13 stone giants
  5 draconian annihilators
  6 formless jellyfish
  A reaper (Depths:3)
  11 green draconians
  21 very ugly things
  2 deep elf death magi
  4 vampire knights
  2 deep elf annihilators
  11 black draconians
  A minotaur (Gauntlet)
  9 white draconians
  2 war gargoyles
  10 red draconians
  4 bunyips
  8 dire elephants
  4 yellow draconians
  6 purple draconians
  2 eleionomae (Swamp:2)
  2 spark wasps
  A blizzard demon (Depths:3)
  4 ettins
  A crystal guardian (Vaults:4)
  2 deep elf high priests
  8 entropy weavers
  6 fire dragons
  An entropy weaver (shapeshifter) (Lair:5)
  13 great orbs of eyes
  17 yaktaur captains
  21 vault guards
  A shambling mangrove (Swamp:4)
  6 ice dragons
  6 rakshasas
  2 peacekeepers
  15 hydras
  5 alligators
  Erolcha (D:11)
  5 hell beasts
  3 ghost crabs
  A death knight (D:15)
  2 jorogumos (Zot:4)
  A radroach (Spider:4)
  6 boulder beetles
  A spriggan air mage (D:15)
  10 centaur warriors
  5 ironbound frosthearts
  10 two-headed ogres
  22 dancing weapons
  A two-headed ogre (shapeshifter) (Depths:4)
  7 deep troll earth magi
  A hell hog (Depths:2)
  3 orc high priests
  3 death yaks (Lair:5)
  4 vampire magi
  A death scarab (Spider:4)
  A tengu warrior (D:15)
  6 deep troll shamans
  2 demonic crawlers (Spider:1)
  6 occultists
  Sonja (D:12)
  A soul eater (Depths:3)
  5 spriggan berserkers
  14 spriggans
  6 hell knights
  2 sun demons
  2 thrashing horrors (Lair:5)
  A skyshark (shapeshifter) (D:15)
  14 deep elf knights
  A fire crab (D:13)
  5 iron trolls
  3 pharaoh ants
  2 sixfirhies (Depths:3)
  2 skysharks
  A death drake (shapeshifter) (Vaults:4)
  A glowing orange brain (shapeshifter) (Vaults:4)
  A golden dragon zombie (Depths:1)
  6 goliath frogs
  3 spriggan druids
  8 swamp dragons
  3 flayed ghosts
  A mana viper (shapeshifter) (Depths:3)
  4 glowing orange brains
  2 arcanists
  An orange crystal statue (IceCv)
  An obsidian statue (Depths:3)
  2 steelbarb worms (Spider:4)
  52 deep trolls
  12 deep elf zephyrmancers
  5 orc knights
  A steelbarb worm (shapeshifter) (D:15)
  7 bog bodies
  28 ironbound convokers
  A shadow dragon zombie (Vaults:4)
  6 deep elf archers
  2 orb spiders
  39 ugly things
  2 phantasmal warriors (Vaults:4)
  4 lindwurms
  14 wolf spiders
  4 oklob plants
  21 deep elf pyromancers
  3 harpies (Vaults:4)
  5 necromancers
  9 cyclopes
  A spectral deep troll (Depths:4)
  6 shining eyes
  3 orc sorcerers
  3 will-o-the-wisps (Swamp:4)
  Maurice (D:8)
  29 moths of wrath
  2 salamanders
  2 manticores
  3 black mambas
  2 large abominations (Lair:5)
  21 elephants
  4 kobold blastminers (Orc:2)
  A stone giant skeleton (Depths:1)
  2 meliai (Spider:2)
  Joseph (D:7)
  18 vault sentinels
  2 eyes of devastation (Slime:5)
  2 torpor snails
  6 smoke demons
  3 gargoyles
  8 cane toads
  An unseen horror (D:13)
  An unseen horror (shapeshifter) (Elf:1)
  A rime drake (shapeshifter) (D:14)
  5 freezing wraiths
  A golden dragon simulacrum (Depths:1)
  10 komodo dragons
  32 yaktaurs
  A tormentor (Depths:3)
  14 rime drakes
  An efreet (D:13)
  An ice devil (Depths:3)
  2 tengu conjurers (D:15)
  A queen bee (Gauntlet)
  16 tarantellas
  A bloated husk (Swamp:3)
  7 trolls
  19 polar bears
  13 tyrant leeches
  15 hornets
  A shadow dragon simulacrum (Vaults:4)
  A raiju (shapeshifter) (D:13)
  34 blink frogs
  3 glass eyes
  A raiju (Lair:5)
  14 jumping spiders
  A shadow (D:11)
  60 slime creatures
  3 air elementals
  A centaur simulacrum (D:13)
  5 ynoxinuls
  3 wraiths
  19 culicivoras
  3 fire elementals
  6 wyverns
  4 basilisks
  6 water elementals
  A human (shapeshifter) (D:13)
  A steam dragon (D:9)
  30 yaks
  2 wargs
  A golden eye (Gauntlet)
  3 vampire mosquitoes (D:14)
  42 redbacks
  A chaos spawn (Depths:3)
  10 swamp worms
  7 acid dragons (Spider:3)
  Edmund (D:6)
  17 water moccasins
  2 hell hounds (Gauntlet)
  6 swamp drakes (Swamp:4)
  9 black bears
  22 orc warriors
  An ice beast (D:4)
  A laughing skull (D:13)
  9 wolves
  4 centaurs
  18 ogres
  A boggart (shapeshifter) (D:13)
  12 small abominations (Lair:5)
  A phantom (D:4)
  3 kobold brigands
  19 bullfrogs
  A gnoll sergeant (D:13)
  2 scorpions
  A fire bat (shapeshifter) (Vaults:3)
  9 wights
  14 killer bees
  3 howler monkeys
  5 electric eels
  A hound (D:4)
  22 orc priests
  An iguana (D:4)
  3 iron imps (D:3)
  A sleepcap (D:4)
  24 orc wizards
  3 adders
  6 gnolls
  5 shadow imps
  2 white imps
  2 ufetubi (D:6)
  3 dart slugs
  2 ribbon worms (D:2)
  83 orcs
  5 ball pythons
  5 endoplasms
  9 goblins
  7 hobgoblins
  4 jackals (D:2)
  3 quokkas
  3 training dummies (D:6)
  12 bats
  3 frilled lizards
  7 kobolds
  2 rats (D:2)
  An aspiring flesh (Zot:3)
1780 creatures vanquished.

Vanquished Creatures (collateral kills)
  An ancient lich (Vaults:5)
  2 curse toes (Zot:5)
  2 golden dragons
  2 tentacled monstrosities
  A titan (Vaults:4)
  6 acid blobs
  3 death cobs
  A sphinx (Vaults:5)
  A tengu reaver (Vaults:5)
  2 rockslimes (Slime:5)
  A fire giant (Depths:4)
  2 protean progenitors
  2 draconian knights
  2 draconian monks (Zot:1)
  A frost giant (Vaults:4)
  2 vault wardens
  A draconian scorcher (Zot:4)
  4 ghost moths
  A reaper (Depths:1)
  3 draconian annihilators
  2 very ugly things
  2 draconian stormcallers
  6 ironbound preservers
  2 broodmothers
  2 stone giants
  A quicksilver ooze (Slime:5)
  2 deep elf demonologists
  4 black draconians
  2 white draconians
  A deep elf annihilator (Vaults:4)
  2 dire elephants (Vaults:1)
  5 red draconians
  2 yellow draconians
  2 ettins
  A green death (Depths:2)
  2 yaktaur captains (Vaults:4)
  An entropy weaver (Spider:1)
  3 ice dragons
  3 hydras
  A great orb of eyes (Vaults:1)
  4 vault guards
  A spriggan air mage (Depths:2)
  An alligator (Swamp:4)
  A death knight (D:13)
  A centaur warrior (Vaults:1)
  3 ironbound frosthearts
  A radroach (Spider:2)
  A vampire mage (Depths:4)
  A deep troll earth mage (Depths:3)
  A deep troll shaman (Depths:3)
  A spriggan berserker (Depths:4)
  An occultist (Depths:2)
  A thrashing horror (Lair:5)
  3 sixfirhies (Depths:3)
  A deep elf knight (Orc:2)
  2 goliath frogs (Swamp:1)
  A pharaoh ant (Spider:1)
  7 deep trolls
  A spriggan druid (Swamp:2)
  A glowing orange brain (Slime:2)
  A sun moth (Spider:3)
  2 ironbound convokers
  A harpy (Vaults:4)
  A harpy (shapeshifter) (D:13)
  An orc sorcerer (Orc:2)
  2 steelbarb worms
  2 wolf spiders
  3 deep elf pyromancers
  7 ugly things
  2 cyclopes
  2 meliai
  2 elephants
  A moth of wrath (Zot:3)
  3 vault sentinels (Vaults:1)
  2 black mambas
  3 cane toads
  3 rime drakes (IceCv)
  7 yaktaurs
  Jeremiah (D:7)
  2 kobold demonologists (D:9)
  A freezing wraith (D:15)
  3 polar bears (IceCv)
  A tyrant leech (Swamp:1)
  A troll (D:13)
  A wind drake (shapeshifter) (Vaults:5)
  2 tarantellas
  A hornet (Depths:1)
  5 blink frogs
  A glass eye (Slime:4)
  A jumping spider (Vaults:2)
  An air elemental (Elf:1)
  13 slime creatures
  A culicivora (Spider:4)
  A shadow (D:11)
  8 yaks
  A spriggan (Swamp:1)
  A wraith (D:11)
  A basilisk (Lair:5)
  2 redbacks
  A steam dragon (D:9)
  An acid dragon (D:12)
  2 swamp worms
  A water moccasin (Lair:5)
  3 orc warriors
  A boggart (D:13)
  An ogre (Orc:1)
  A kobold brigand (D:8)
  A scorpion (D:5)
  A human simulacrum (Vaults:4)
  A wight (D:7)
  A gnoll bouda (D:7)
  3 orc priests (Orc:2)
  A sleepcap (D:8)
  5 orc wizards
  2 gnolls (D:7)
  21 orcs
  3 kobolds (D:8)
264 creatures vanquished.

Vanquished Creatures (others)
  A lich (Depths:3)
  A blizzard demon (Depths:3)
  A yaktaur captain (Vaults:2)
  2 deep elf knights (Elf:2)
  2 yaktaurs
  A chaos spawn (Depths:3)
  A swamp worm (Swamp:2)
  A human (D:5)
  43 knights
  An ancestor (D:6)
  2 foxfires (Swamp:4)
56 creatures vanquished.

Grand Total: 2100 creatures vanquished

Notes
Turn   | Place    | Note
-------+----------+-------------------------------------------
     0 | D:1      | Nogual the Gargoyle Hunter began the quest for the Orb.
     0 | D:1      | Reached XP level 1. HP: 12/12 MP: 1/1
   203 | D:1      | Found a faded altar of an unknown god.
   582 | D:1      | Reached XP level 2. HP: 17/17 MP: 2/2
   776 | D:2      | Identified the +0 robe of Trial and Error {SInv}
   945 | D:2      | Reached XP level 3. HP: 21/21 MP: 3/3
  1055 | D:2      | Reached skill level 5 in Ranged Weapons
  1563 | D:3      | Reached XP level 4. HP: 26/26 MP: 4/4
  1578 | D:3      | Found a transporter.
  1764 | D:3      | Found a burning altar of Makhleb.
  1777 | D:3      | Reached skill level 6 in Ranged Weapons
  1783 | D:3      | Reached XP level 5. HP: 30/30 MP: 5/5
  1927 | D:3      | Found a transporter.
  2304 | D:3      | Reached skill level 7 in Ranged Weapons
  2316 | D:3      | Reached XP level 6. HP: 30/35 MP: 6/6
  2499 | D:4      | Found a shimmering altar of Xom.
  2504 | D:4      | Noticed a black bear
  2632 | D:4      | Found a radiant altar of Vehumet.
  2633 | D:4      | Found a basalt altar of Yredelemnul.
  2743 | D:4      | Reached skill level 8 in Ranged Weapons
  2791 | D:4      | Reached XP level 7. HP: 32/40 MP: 7/7
  2830 | D:4      | Got the Omnibus of Evil Calling
  3008 | D:4      | Reached skill level 9 in Ranged Weapons
  3103 | D:4      | Found a staircase to the Ecumenical Temple.
  3114 | Temple   | Found a transporter.
  3114 | Temple   | Found a transporter.
  3114 | Temple   | Found a transporter.
  3114 | Temple   | Found a transporter.
  3114 | Temple   | Entered the Ecumenical Temple
  3130 | Temple   | Became a worshipper of Hepliaklqana the Forgotten
  3325 | D:4      | Found a glowing silver altar of Zin.
  3381 | D:5      | Entered Level 5 of the Dungeon
  3579 | D:5      | Reached XP level 8. HP: 31/44 MP: 8/8
  3617 | D:5      | Reached skill level 10 in Ranged Weapons
  3725 | D:5      | Reached skill level 1 in Armour
  4029 | D:5      | Found an ancient bone altar of Kikubaaqudgha.
  4116 | D:5      | Reached * piety under Hepliaklqana
  4546 | D:6      | Noticed Edmund
  4565 | D:6      | Killed Edmund
  4566 | D:6      | Reached skill level 5 in Fighting
  4583 | D:6      | Found Ofaat's Firing Range.
  4591 | D:6      | Bought a +0 triple crossbow for 100 gold pieces
  4980 | D:6      | Reached ** piety under Hepliaklqana
  5112 | D:6      | Remembered your ancestor Numeria as a knight
  5218 | D:7      | Reached XP level 9. HP: 48/48 MP: 9/9
  5298 | D:7      | Reached skill level 5 in Armour
  5511 | D:7      | Noticed Jeremiah
  5518 | D:7      | Killed Jeremiah
  5536 | D:7      | Noticed Joseph
  5546 | D:7      | Killed Joseph
  5547 | D:7      | Reached skill level 11 in Ranged Weapons
  6052 | D:8      | Reached skill level 12 in Ranged Weapons
  6053 | D:8      | Reached XP level 10. HP: 52/54 MP: 10/10
  6068 | D:8      | Identified the +1 leather armour "Edariophi" {rN+}
  6089 | D:8      | Found a runed translucent gate.
  6129 | D:8      | Noticed Maurice
  6130 | D:8      | Paralysed by Maurice for 3 turns
  6134 | D:8      | Noticed an elephant
  6172 | D:8      | Killed an elephant
  6192 | D:8      | Killed Maurice
  6193 | D:8      | Reached skill level 13 in Ranged Weapons
  6228 | D:8      | Found Riduffyi's Antique Weapon Shop.
  6933 | D:8      | Found a staircase to the Lair.
  6942 | D:8      | Reached skill level 14 in Ranged Weapons
  7042 | D:8      | Found a runed translucent gate.
  7043 | D:8      | Found a runed translucent gate.
  7046 | D:8      | Found the +7 great mace "Undeadhunter" {deathbane, rN+}
  7087 | D:8      | Reached XP level 11. HP: 57/60 MP: 11/11
  7180 | D:8      | Gained mutation: You have an increased reservoir of magic.
                  | (+10% MP) [potion of mutation]
  7180 | D:8      | Gained mutation: You are dopey. (Int -2) [potion of
                  | mutation]
  7180 | D:8      | Gained mutation: You have a pair of small horns on your
                  | head. [potion of mutation]
  7470 | D:9      | Reached *** piety under Hepliaklqana
  7648 | D:9      | Found a hide-covered altar of Uskayaw.
  8184 | D:10     | Entered Level 10 of the Dungeon
  8223 | D:10     | Reached skill level 5 in Dodging
  8536 | D:10     | Reached **** piety under Hepliaklqana
  8948 | D:11     | Noticed a boulder beetle
  8957 | D:11     | Killed a boulder beetle
  8965 | D:11     | Identified the amulet "Uneuj Tou" {Spirit Str-3 Int+9}
  8972 | D:11     | Noticed a two-headed ogre
  8980 | D:11     | Killed a two-headed ogre
  9054 | D:11     | Noticed a manticore
  9059 | D:11     | Killed a manticore
  9060 | D:11     | Reached skill level 10 in Armour
  9060 | D:11     | Reached XP level 12. HP: 65/65 MP: 13/13
  9285 | D:11     | Noticed Erolcha
  9293 | D:11     | Killed Erolcha
  9516 | D:12     | Reached ***** piety under Hepliaklqana
  9573 | D:12     | Found a gate leading to a gauntlet.
  9585 | Gauntlet | Entered a Gauntlet
  9585 | Gauntlet | Found a transporter.
  9585 | Gauntlet | Found a transporter.
  9716 | Gauntlet | Found a transporter.
  9719 | Gauntlet | Found a transporter.
  9727 | Gauntlet | Found a transporter.
  9731 | Gauntlet | Found a transporter.
  9735 | Gauntlet | Noticed a hell beast
  9739 | Gauntlet | Found a transporter.
  9802 | Gauntlet | Found a transporter.
  9819 | Gauntlet | Found a transporter.
  9828 | Gauntlet | Found a transporter.
  9831 | Gauntlet | Found a transporter.
  9846 | Gauntlet | Found a transporter.
  9980 | Gauntlet | Reached skill level 15 in Ranged Weapons
 10123 | Gauntlet | Identified the +2 pair of boots of Guzad {Will+}
 10153 | Gauntlet | Killed a hell beast
 10221 | Gauntlet | Noticed a minotaur
 10231 | Gauntlet | HP: 3/65 [minotaur/+2 glaive of venom (18)]
 10240 | Gauntlet | Killed a minotaur
 10301 | Gauntlet | Got Woutot's Spellbook of the Wendigo and Direction
 10468 | D:11     | Lost mutation: You are dopey. (Int -2) [potion of mutation]
 10468 | D:11     | Lost mutation: You have an increased reservoir of magic.
                  | (+10% MP) [potion of mutation]
 10468 | D:11     | Lost mutation: You have a pair of small horns on your head.
                  | [potion of mutation]
 10468 | D:11     | Gained mutation: Your mind is acute. (Int +4, Str/Dex -1)
                  | [potion of mutation]
 10468 | D:11     | Gained mutation: You have a pair of small antennae on your
                  | head. [potion of mutation]
 10468 | D:11     | Gained mutation: Your muscles are strong. (Str +4, Int/Dex
                  | -1) [potion of mutation]
 10469 | D:11     | Lost mutation: Your muscles are strong. (Str +4, Int/Dex
                  | -1) [potion of mutation]
 10469 | D:11     | Lost mutation: Your mind is acute. (Int +4, Str/Dex -1)
                  | [potion of mutation]
 10469 | D:11     | Lost mutation: You have a pair of small antennae on your
                  | head. [potion of mutation]
 10469 | D:11     | Gained mutation: You are partially covered in iridescent
                  | scales. (AC +2) [potion of mutation]
 10469 | D:11     | Gained mutation: You occasionally lose the ability to read
                  | scrolls when taking damage. [potion of mutation]
 10469 | D:11     | Gained mutation: Your muscles are strong. (Str +4, Int/Dex
                  | -1) [potion of mutation]
 10600 | Lair:1   | Entered Level 1 of the Lair of Beasts
 10747 | Lair:1   | Reached skill level 16 in Ranged Weapons
 10975 | Lair:1   | Got the Anthology of the Liminal Nimbus
 11892 | Lair:2   | Reached skill level 17 in Ranged Weapons
 11892 | Lair:2   | Reached XP level 13. HP: 45/70 MP: 13/13
 11973 | Lair:2   | Learned a level 2 spell: Blink
 11989 | Lair:2   | Found a burning altar of Makhleb.
 12653 | Lair:3   | Reached skill level 18 in Ranged Weapons
 12829 | Lair:3   | Found a staircase to the Swamp.
 12934 | Lair:3   | Identified the +8 ring mail "Keguoh Gaju" {Rampage rF-
                  | Str+2 Int+2}
 12935 | Lair:3   | Found a hole to the Spider Nest.
 13382 | Lair:3   | Reached skill level 19 in Ranged Weapons
 13738 | Lair:4   | Gained mutation: Your large and strong wings let you fly.
                  | [Gargoyle growth]
 13738 | Lair:4   | Reached XP level 14. HP: 55/75 MP: 14/14
 13993 | Lair:4   | Reached skill level 20 in Ranged Weapons
 14318 | Lair:5   | Entered Level 5 of the Lair of Beasts
 14318 | Lair:5   | Reached ****** piety under Hepliaklqana
 14329 | Lair:4   | Reached skill level 1 in Invocations
 14743 | Lair:5   | Reached skill level 5 in Invocations
 15478 | Lair:5   | Found a corrupted altar of Lugonu.
 15478 | Lair:5   | Found a one-way gate to the infinite horrors of the Abyss.
 15784 | Lair:5   | Found a staircase to the Slime Pits.
 16125 | D:12     | Found the amulet of the Four Winds {rN+ Will+++ Clar}
 16155 | D:12     | Reached XP level 15. HP: 82/82 MP: 20/20
 16207 | D:12     | Noticed Sonja
 16211 | D:12     | Killed Sonja
 16212 | D:12     | Reached skill level 10 in Fighting
 16249 | D:12     | Found a staircase to the Orcish Mines.
 16897 | Orc:1    | Entered Level 1 of the Orcish Mines
 17731 | Orc:2    | Entered Level 2 of the Orcish Mines
 17997 | Orc:2    | Found Guojah's Armour Boutique.
 18090 | Orc:2    | Found a staircase to the Elven Halls.
 18278 | Orc:1    | Found a transporter.
 18282 | Orc:1    | Noticed xight's ghost (journeyman DEFE)
 18283 | Orc:1    | Found a transporter.
 18283 | Orc:1    | Identified the +7 dire flail of Noshrur {spect, ^Drain
                  | rElec rC++ rCorr}
 18283 | Orc:1    | Identified the +7 giant club "Trog's Fury" {distort, rPois
                  | rF+ rCorr}
 18370 | Orc:2    | Found a shimmering altar of Xom.
 18502 | Orc:2    | Noticed an orc warlord
 18518 | Orc:2    | Killed an orc warlord
 18539 | Orc:2    | Found Leuhutroal's Antique Armour Emporium.
 18541 | Orc:2    | Found Zerhual's Antique Weapon Shoppe.
 18554 | Orc:2    | Bought a pitted scale mail for 324 gold pieces
 18554 | Orc:2    | Identified the +4 scale mail "Osutyss" {Dex+7 Stlth+} (You
                  | bought it in a shop on level 2 of the Orcish Mines)
 18884 | Orc:2    | Found Qorch's Jewellery Shop.
 19686 | D:13     | Identified the +0 helmet of the Sea {rF+ rCorr Dex-3}
 19686 | D:13     | Identified the +0 leather armour "Kauha" {rC+}
 19711 | D:13     | Reached skill level 1 in Spellcasting
 19711 | D:13     | Reached skill level 1 in Translocations
 20438 | D:13     | Found a gate to the Vaults.
 20689 | D:14     | Reached XP level 16. HP: 90/90 MP: 22/22
 20799 | D:14     | Found a white marble altar of Elyvilon.
 21451 | D:15     | Entered Level 15 of the Dungeon
 21463 | D:14     | Reached skill level 5 in Spellcasting
 21725 | D:15     | Found a shadowy altar of Dithmenos.
 22021 | D:15     | Found a staircase to the Depths.
 22196 | Elf:1    | Entered Level 1 of the Elven Halls
 22474 | Elf:1    | Found Maafig's Jewellery Boutique.
 22804 | Elf:1    | Reached skill level 10 in Invocations
 23043 | Elf:1    | Paralysed by an air elemental for 1 turns
 23472 | Elf:1    | Identified the staff of the Grand God {rC+ Hexes Ice}
 23758 | Elf:2    | Found a transporter.
 23763 | Elf:2    | Found a transporter.
 23773 | Elf:2    | Found a transporter.
 23809 | Elf:2    | Found a transporter.
 23810 | Elf:2    | Found a transporter.
 23826 | Elf:2    | Found a transporter.
 23957 | Elf:2    | Reached XP level 17. HP: 26/95 MP: 26/26
 24253 | Elf:2    | Found a huge runed translucent gate.
 24253 | Elf:2    | Found a huge runed translucent gate.
 24253 | Elf:2    | Found a huge runed translucent gate.
 24253 | Elf:2    | Found a huge runed translucent gate.
 24255 | Elf:2    | Found a huge runed translucent gate.
 24923 | Elf:2    | Reached skill level 10 in Dodging
 25436 | Elf:2    | Reached skill level 15 in Armour
 26132 | Swamp:1  | Entered Level 1 of the Swamp
 27034 | Swamp:2  | Found a glacial archway.
 27046 | IceCv    | Entered an ice cave
 28126 | IceCv    | Noticed a shard shrike
 28161 | IceCv    | Killed a shard shrike
 28169 | IceCv    | Reached XP level 18. HP: 69/100 MP: 27/27
 28310 | IceCv    | Identified a scroll of acquirement
 28314 | IceCv    | Acquired a manual of Fighting
 28520 | IceCv    | Found the +4 skin of Zhor {*Englaciate rC+++ SInv}
 28716 | Swamp:2  | Identified the +1 ring mail of Omission {Int+6}
 29722 | Swamp:4  | Entered Level 4 of the Swamp
 29739 | Swamp:4  | Reached skill level 15 in Fighting
 30114 | Swamp:4  | Identified the +11 morningstar of the World {flame,
                  | ^Fragile rF+++ Str+5}
 30827 | Swamp:4  | Noticed the 27-headed Lernaean hydra
 31249 | Swamp:4  | Killed the 27-headed Lernaean hydra
 31460 | Swamp:4  | Got a decaying rune of Zot
 31628 | Spider:1 | Entered Level 1 of the Spider Nest
 31669 | Spider:1 | Noticed Frances
 31674 | Spider:1 | Killed Frances
 33029 | Spider:2 | Reached skill level 21 in Ranged Weapons
 33029 | Spider:2 | Reached XP level 19. HP: 112/117 MP: 0/28
 33173 | Spider:2 | Identified the +4 chain mail "Plog" {rElec rPois rF+}
 33202 | Spider:2 | Noticed Arachne
 33211 | Spider:2 | Killed Arachne
 33350 | Spider:2 | Identified the +5 ring mail of Eternal Vigilance {Int+4
                  | Stlth+}
 34290 | Spider:3 | Identified the +6 trident of the Enchanted Forest {freeze,
                  | Will+}
 34560 | Spider:4 | Entered Level 4 of the Spider Nest
 34654 | Spider:4 | Reached skill level 22 in Ranged Weapons
 35965 | Spider:4 | Got a gossamer rune of Zot
 36467 | Vaults:1 | Entered Level 1 of the Vaults
 36515 | Vaults:1 | Reached skill level 23 in Ranged Weapons
 37403 | Vaults:1 | Reached XP level 20. HP: 122/122 MP: 29/29
 37709 | Vaults:1 | Reached skill level 24 in Ranged Weapons
 37882 | Vaults:1 | Identified the +0 scale mail "Kypuro" {*Corrode rElec
                  | Regen+ Slay-6}
 39323 | Vaults:2 | Found a staircase to the Crypt.
 40862 | Vaults:3 | Found Xugorox's Antique Armour Shop.
 41105 | Vaults:3 | Bought a pair of embroidered gloves for 240 gold pieces
 41901 | Slime:1  | Entered Level 1 of the Pits of Slime
 41912 | Slime:1  | Gained mutation: You are clumsy. (Dex -2) [a shining eye]
 41913 | Slime:1  | Gained mutation: Your health recovers twice as slowly from
                  | being drained. [a shining eye]
 41916 | Slime:1  | Gained mutation: You sometimes lose your temper in combat.
                  | [a shining eye]
 41917 | Slime:1  | Gained mutation: You are occasionally teleported next to
                  | monsters. [a shining eye]
 41921 | Slime:1  | Reached XP level 21. HP: 79/126 MP: 30/30
 42070 | Lair:1   | Lost mutation: You are occasionally teleported next to
                  | monsters. [potion of mutation]
 42070 | Lair:1   | Lost mutation: You are partially covered in iridescent
                  | scales. (AC +2) [potion of mutation]
 42070 | Lair:1   | Lost mutation: You are clumsy. (Dex -2) [potion of
                  | mutation]
 42070 | Lair:1   | Gained mutation: You expend magic power (3 MP) to
                  | strengthen your wands. [potion of mutation]
 42070 | Lair:1   | Gained mutation: Your muscles are very strong. (Str +8,
                  | Int/Dex -2) [potion of mutation]
 42070 | Lair:1   | Gained mutation: You are somewhat resistant to further
                  | mutation. [potion of mutation]
 42071 | Lair:1   | Lost mutation: Your muscles are very strong. (Str +8,
                  | Int/Dex -2) [potion of mutation]
 42071 | Lair:1   | Lost mutation: Your health recovers twice as slowly from
                  | being drained. [potion of mutation]
 42071 | Lair:1   | Lost mutation: You occasionally lose the ability to read
                  | scrolls when taking damage. [potion of mutation]
 42071 | Lair:1   | Gained mutation: You have sharp fingernails. [potion of
                  | mutation]
 42072 | Lair:1   | Lost mutation: Your muscles are strong. (Str +4, Int/Dex
                  | -1) [potion of mutation]
 42072 | Lair:1   | Lost mutation: You expend magic power (3 MP) to strengthen
                  | your wands. [potion of mutation]
 42072 | Lair:1   | Lost mutation: You have sharp fingernails. [potion of
                  | mutation]
 43525 | Slime:5  | Entered Level 5 of the Pits of Slime
 44246 | Slime:5  | Noticed the Royal Jelly
 44938 | Slime:5  | Killed the Royal Jelly
 45464 | Slime:5  | Got the Opusculum on Graupel
 45474 | Slime:5  | Identified the +0 helmet of a bazaar {rPois rC+}
 45480 | Slime:5  | Identified the +0 leather armour "Beuply" {rC+ Str+3}
 45481 | Slime:5  | Identified the ring "Facippys" {rPois rN+++ Str-4 Int+3
                  | Dex-2}
 45532 | Slime:5  | Identified the +2 cloak of Cuet {rElec rF- rN+ rCorr}
 45543 | Slime:5  | Identified the +7 hand axe "Ufulav Feta" {heavy, rCorr
                  | Str+3}
 45556 | Slime:5  | Identified the +2 troll leather armour of the Winnowing
                  | Gods {rPois Regen+ Int+3}
 45560 | Slime:5  | Got the Grimoire of Gathered Hexes
 45590 | Slime:5  | Got Vuigercho's Codex of the Combined Tincture
 45592 | Slime:5  | Got a slimy rune of Zot
 45593 | Slime:5  | Identified the +0 hat of a Gauntlet {Will+}
 45601 | Slime:5  | Identified the staff of Responsibility {rPois rC+ rN+ Dex-4
                  | Necro}
 46814 | Vaults:4 | Found Hagry's Armour Shop.
 47105 | Vaults:4 | Found a runed translucent gate.
 47105 | Vaults:4 | Found a runed translucent gate.
 47105 | Vaults:4 | Noticed quaternion's ghost (veteran MiFi)
 47106 | Vaults:4 | Found a runed translucent gate.
 47106 | Vaults:4 | Found an opulent altar of Gozag.
 47108 | Vaults:4 | Found Fonacuor's Assorted Antiques.
 47108 | Vaults:4 | Found Uleed's Assorted Antiques.
 47611 | Vaults:5 | Entered Level 5 of the Vaults
 47616 | Vaults:4 | Reached XP level 22. HP: 128/132 MP: 32/32
 47925 | Vaults:4 | Reached skill level 25 in Ranged Weapons
 48944 | Vaults:5 | Identified the +5 falchion "Emicujuy" {pain, ^Contam Will+
                  | rCorr Str+2}
 50139 | Vaults:5 | Reached skill level 26 in Ranged Weapons
 51423 | Vaults:5 | Found Kymaply's Antique Weapon Boutique.
 51469 | Vaults:5 | Identified the +1 kite shield of the Circus Animal {-Tele
                  | rElec rF- rCorr}
 51877 | Vaults:5 | Got a silver rune of Zot
 52156 | Vaults:5 | Noticed an ancient lich
 52158 | Vaults:5 | Killed an ancient lich
 52159 | Vaults:5 | Reached XP level 23. HP: 139/139 MP: 33/33
 52277 | Vaults:5 | Identified the +9 sling of Attainder {elec, rN+ rCorr Int+2
                  | Dex+2}
 52327 | Vaults:5 | Identified the staff "Ugestud" {^Fragile rPois Will++ Ice
                  | Alchemy}
 52336 | Vaults:5 | Identified the +0 morningstar of the Warrior {freeze, rN+
                  | rCorr Stlth-}
 52343 | Vaults:5 | Found Gaytz's Jewellery Emporium.
 52351 | Vaults:5 | Bought the ring of the Tortoise {AC+8} for 2048 gold pieces
 52351 | Vaults:5 | Found the ring of the Tortoise {AC+8}
 52722 | Depths:1 | Entered Level 1 of the Depths
 53548 | Depths:1 | Found a one-way gate leading to the halls of Pandemonium.
 53610 | Depths:1 | Found Pen Ypuo's Antique Weapon Shoppe.
 53834 | Depths:1 | Found a one-way gateway to a ziggurat.
 53876 | Depths:1 | Found a gateway to Hell.
 54214 | Depths:2 | Found Utasiyts's General Store.
 54715 | Depths:2 | Reached skill level 15 in Dodging
 54900 | Depths:2 | Noticed Saint Roka
 54905 | Depths:2 | Killed Saint Roka
 55360 | Depths:2 | Bought a scroll of acquirement for 1092 gold pieces
 55360 | Depths:2 | Acquired 802 gold pieces
 55362 | Depths:2 | Acquired 589 gold pieces
 55364 | Depths:2 | Bought a scroll of acquirement for 1092 gold pieces
 55364 | Depths:2 | Acquired 1188 gold pieces
 55443 | Depths:3 | Found a flickering gateway to a bazaar.
 55450 | Bazaar   | Entered a bazaar
 55465 | Bazaar   | Found Befaisch's Assorted Antiques.
 55466 | Bazaar   | Found Cojul's Distillery.
 55487 | Bazaar   | Bought a flickering bone ring for 135 gold pieces
 55487 | Bazaar   | Identified the ring of the Robin {+Blink Slay+4 Stlth+}
                  | (You bought it in a shop in a bazaar)
 55504 | Bazaar   | Found Deigiwo's Magic Scroll Shoppe.
 55504 | Bazaar   | Found Keorihod's Jewellery Shoppe.
 55656 | Depths:3 | Reached skill level 1 in Evocations
 55767 | Depths:3 | Reached XP level 24. HP: 146/146 MP: 32/33
 56316 | Depths:3 | Found a runed translucent door.
 56319 | Depths:3 | Noticed a caustic shrike
 56323 | Depths:3 | Noticed a caustic shrike
 56333 | Depths:3 | Found a runed translucent door.
 56341 | Depths:3 | Killed a caustic shrike
 56344 | Depths:3 | Killed a caustic shrike
 56561 | Depths:3 | Noticed a juggernaut
 56575 | Depths:3 | Killed a juggernaut
 56576 | Depths:3 | Reached skill level 5 in Evocations
 57305 | Depths:4 | Entered Level 4 of the Depths
 57314 | Depths:4 | Noticed Parghit
 57316 | Depths:4 | Killed Parghit
 57417 | Depths:4 | Found a gate to the Realm of Zot.
 57686 | Depths:4 | Reached skill level 27 in Ranged Weapons
 58456 | Depths:4 | Found a hazy altar of Hepliaklqana.
 58550 | Zot:1    | Entered Level 1 of the Realm of Zot
 58781 | Zot:1    | Noticed a curse toe
 58785 | Zot:1    | Noticed a curse toe
 58813 | Zot:1    | Killed a curse toe
 58835 | Zot:1    | Killed a curse toe
 59117 | Zot:1    | Found the +5 glaive of the Guard {elec, spectral}
 59322 | Zot:1    | Reached XP level 25. HP: 147/151 MP: 33/33
 61844 | Zot:3    | Noticed an orb of fire
 61850 | Zot:3    | Killed an orb of fire
 62938 | Zot:3    | Acquired 600 gold pieces
 63156 | Zot:4    | Reached XP level 26. HP: 95/156 MP: 33/33
 63780 | Zot:5    | Entered Level 5 of the Realm of Zot
 63784 | Zot:5    | Found a shimmering altar of Xom.
 64593 | Zot:5    | Noticed a Killer Klown
 64616 | Zot:5    | Killed a Killer Klown
 64928 | Zot:5    | Noticed a dread lich
 65405 | Zot:5    | Killed a dread lich
 65524 | Zot:5    | Noticed a Killer Klown
 65542 | Zot:5    | Noticed a dread lich
 65542 | Zot:5    | Noticed an orb of fire
 65542 | Zot:5    | Noticed a dread lich
 65542 | Zot:5    | Noticed an ancient lich
 65542 | Zot:5    | Noticed a dread lich
 65542 | Zot:5    | Noticed a Killer Klown
 65546 | Zot:5    | Noticed a Killer Klown
 65546 | Zot:5    | Noticed an orb of fire
 65549 | Zot:5    | Noticed a Killer Klown
 65553 | Zot:5    | Killed from afar by an orb of fire

Illustrated notes

Levels and vault maps discovered:
D:1:      dpeg_arrival_tiny_f, layout_basic,
          shapermc_ecumenical_altar_mp_highgroup
D:2:      layout_loops_corners
D:3:      gammafunk_wand_slinger, layout_rooms, demons_altar,
          kennysheep_cluttered_room, kennysheep_generic_room_6
D:4:      layout_loops_ring, mainiacjoe_overflow_divided_tiny, zin_treasury,
          xom_teletrap_fun, minmay_temple_entry_proselytizer
D:5:      layout_loops_corners, tgw_kikubaaqudgha
D:6:      layout_gridville, nicolae_shop_firing_range, uniq_edmund
D:7:      layout_basic, serial_bayou_pond_c, uniq_joseph, uniq_jeremiah
D:8:      lemuel_bear_cage, layout_basic, grunt_lair_entry_orc_guard_hut,
          serial_shops, nicolae_shop_just_a_little_nook,
          kennysheep_opposing_triangles, uniq_maurice
D:9:      layout_basic, lemuel_crystal_altar
D:10:     layout_irregular_city
D:11:     layout_long_grid, uniq_erolcha
D:12:     layout_basic, erik_orc_3, gauntlet_entry_generic, uniq_sonja
D:13:     minmay_the_grid_triangle_9x9_recursive_2
          [minmay_the_grid_triangle_9x9_prize_top_heavy,
          minmay_the_grid_triangle_9x9_skeleton,
          minmay_the_grid_triangle_9x9_alien,
          minmay_the_grid_triangle_9x9_swiss_cheese], layout_long_grid,
          david_vaults_5
D:14:     layout_loops_corners, elyvilon_altar_4
D:15:     hangedman_depths_entry_try_elsewhere_first, layout_rooms,
          nicolae_dithmenos_the_darkroom
Temple:   hellmonk_temple_divided_pantheon
Lair:1:   layout_small_grid
Lair:2:   layout_chaotic_city, basic_altar, minivault_24, grunt_megastairs_5
Lair:3:   layout_cave_shapes, swamp_mist_pool, spider_nest_entry_web_field
Lair:4:   layout_cave_pods, grunt_megastairs_1
Lair:5:   hellmonk_lair_end_abyssal_woods, layout_long_grid,
          minmay_slime_entry_oklob_enclosed
Swamp:1:  layout_basic_swamp, evilmike_swamp_ruin_house_1
Swamp:2:  layout_basic_swamp, portal_ice_cave_entry_dragon,
          infiniplex_staircase_pool_2, swamp_pool_1_2,
          nicolae_swamp_decorative_isthmus
Swamp:3:  layout_basic_swamp, nicolae_swamp_well_well_well
Swamp:4:  swamp_old_school, layout_basic_swamp, nicolae_swamp_spooky_pond,
          infiniplex_staircase_pool
Spider:1: layout_spider_delve, drop_trap, uniq_frances
Spider:2: layout_spider_delve, guppyfry_hornet_nest, uniq_arachne
Spider:3: layout_spider_delve, nicolae_spider_acid_house
Spider:4: grunt_spider_rune_parallel, nicolae_spider_shape
Slime:1:  layout_caves
Slime:2:  layout_caves
Slime:3:  layout_caves
Slime:4:  nicolae_slime_pool, layout_caves
Slime:5:  slime_pit_nicolae_amoeboid
Orc:1:    lemuel_ogre_cave, layout_caves, gammafunk_ghost_smash
Orc:2:    grunt_orc_community_town_hall, layout_diamond_mine,
          grunt_orc_community_big_house_1, grunt_orc_community_big_house_1,
          grunt_orc_community_house_1, grunt_orc_community_house_2,
          grunt_orc_community_house_1, grunt_orc_community_house_3,
          grunt_orc_community_house_2, basic_altar
Elf:1:    nicolae_elf_arrival_fired_up, layout_loops_corners,
          kennysheep_underground_church, minmay_shop_star
Elf:2:    elven_hall_of_blades_hangedman_alternative
          [nicolae_blade_entry_floor_patterns], layout_geoelf_diagonals,
          serial_library_hellmonk_open_square, serial_nicolae_subway,
          nicolae_sub_station_metal, nicolae_sub_station_stone,
          nicolae_sub_station_crystal
Vaults:1: v_alt_pattern_6, nicolae_vaults_network_star, nicolae_vaults_cochlea,
          nicolae_vaults_stepped_doors, nicolae_vaults_network_s,
          hangedman_vaults_snaps, nicolae_vaults_wine_cellar,
          vaults_room_glass_cross, nicolae_vaults_storage_room_doors,
          nicolae_vaults_little_squares_2, nicolae_vaults_specimen_jars,
          ontoclasm_vaults_ring_small, layout_vaults_chaotic_city
Vaults:2: ontoclasm_vaults_ring_small, v_alt_pattern_3, nicolae_vaults_big_ls,
          v_misc_25, minmay_crypt_entry_simple_box, hangedman_vaults_pinch,
          nicolae_vaults_surprise_closet_hard, nicolae_vaults_tetromino_L_1,
          layout_vaults_omnigrid
Vaults:3: vaults_room_door_hall, nicolae_vaults_trapezoid_lopsided_3, v_misc_11,
          nicolae_vaults_triangles, v_misc_25, grunt_vaults_swirl,
          nicolae_vaults_closet_pinwheel_3, v_rooms_1,
          nicolae_vaults_trapezoid_lopsided_4, vaults_room_fancy_cross,
          nicolae_vaults_variable_pillar_hall_cross, nicolae_vaults_diamond_2,
          layout_vaults_big_cross, serial_shops, nicolae_shop_window_shopping
Vaults:4: ebering_ghost_gozag, nicolae_vaults_trapezoid_lopsided_1,
          nicolae_vaults_shelves_hall, vaults_room_large_hall,
          nicolae_vaults_weapon_check, nicolae_vaults_double_plus_1,
          nicolae_vaults_taking_the_gang_shopping, nicolae_vaults_shelves_hall,
          hangedman_vaults_restitches, grunt_vaults_focal, layout_vaults_omnibox
Vaults:5
Depths:1: layout_cave_pools, enter_ziggurat_c, minivault_14,
          rand_demon_pan_entry_5, hell_entry, abyss_entry, serial_shops, shop,
          hangedman_abyss_or_decor_passed, evilmike_ambush
          [evilmike_ambush_outer_basic, evilmike_ambush_inner_basic]
Depths:2: lemuel_troll_bridge, layout_basic, chequers_serial_rivers_micro_b,
          serial_shops, kennysheep_mini, hellmouth_1,
          nicolae_abyss_entry_one_way_or_another, grunt_pan_entry_spiral,
          minmay_staircase_bubble, uniq_saint_roka
Depths:3: minmay_expanding_circles, layout_honeycomb, serial_shops,
          bzr_entry_water, hangedman_abyss_entry_splay,
          minmay_misc_feat_ornament, grunt_hell_entry_demonic_statue,
          minmay_crystal_water, st_stairs_12
Depths:4: grunt_x_marks_the_spot, layout_basic, minmay_misc_feat_secret_circle,
          serial_glass, glass_columns_b, glass_columns_b, hell_entry,
          nicolae_hepliaklqana_monster_ancestors, uniq_parghit
Zot:1:    layout_concentric_octagons, grunt_ministairs_11,
          nicolae_zig_zag_zippers
Zot:2:    layout_gridlike, regret_index_zotdec_split_disrupt,
          grunt_ministairs_12, hangedman_zot_decor_slant
Zot:3:    layout_onion, regret_index_zotdec_stipple_waver
Zot:4:    layout_onion_interference
Zot:5:    layout_gridlike, basic_altar

Skill      XL: |  1  2  3  4  5  6  7  8  9 10 11 12 13 14 15 16 17 18 19 20 21 22 23 24 25 26 |
---------------+-------------------------------------------------------------------------------+-----
Ranged Weapons | 5 6 7 8 9 10 12 14 17 19 20 21 23 24 26 27 | 27.0
Armour         | 4 6 10 11 14 17 18 19 20 22 | 22.6
Fighting       | 5 6 7 8 9 12 18 19 20 | 20.0
Dodging        | 2 6 9 10 11 14 16 17 20 | 20.0
Invocations    | 7 8 10 13 14 | 14.0
Spellcasting   | 3 6 |  6.0
Translocations | 3 4 |  4.0
Evocations     | 1 6 |  6.0
Stealth        | |  1.1

Action                     |  1- 3 |  4- 6 |  7- 9 | 10-12 | 13-15 | 16-18 | 19-21 | 22-24 | 25-27 || total
---------------------------+-------+-------+-------+-------+-------+-------+-------+-------+-------++-------
   Fire: Shortbow          |   146 |   170 |   173 |       |       |       |       |       |       ||   489
         Longbow           |       |       |   121 |   501 |  1086 |  1121 |   533 |       |       ||  3362
         Triple crossbow   |       |       |       |       |       |       |   629 |   972 |   515 ||  2116
   Cast: Blink             |       |       |       |       |       |       |     1 |     3 |       ||     4
 Invoke: Recall Ancestor   |       |       |     1 |     2 |       |       |       |     4 |       ||     7
         Ancestor Life: Kn |       |       |     1 |       |       |       |       |       |       ||     1
  Evoke: Wand              |       |       |       |     4 |     1 |       |       |       |     2 ||     7
    Use: Scroll            |     2 |     5 |     6 |    12 |     5 |     8 |    10 |     5 |     4 ||    57
         Potion            |       |       |       |    17 |       |     1 |     6 |     2 |     2 ||    28
 Armour: Leather armour    |    41 |    27 |   119 |   175 |       |       |       |       |       ||   362
         Scale mail        |       |       |       |    13 |   339 |   445 |   355 |   610 |   208 ||  1970
  Dodge: Dodged            |    49 |    28 |    81 |   140 |   232 |   258 |   249 |   763 |   282 ||  2082
         Repelled          |       |       |       |       |       |       |       |     7 |    10 ||    17
